 Dungeon Crawl Stone Soup version 0.30-a0-709-gcdc1b43e22 (webtiles) character file.

Game seed: 9220569599101264486

14598 CrazyBamboolord the Martial Artist (level 12, -1/79 HPs)
             Began as an Octopode Transmuter on Jan 22, 2023.
             Was a Believer of Nemelex Xobeh.
             Succumbed to a black mamba's poison
             ... on level 1 of the Lair of Beasts.
             The game lasted 00:42:58 (13938 turns).

CrazyBamboolord the Martial Artist (OpTm)          Turns: 13938, Time: 00:42:59

Health: -1/79      AC:  6    Str:  9    XL:     12   Next: 18%
Magic:  6/23       EV: 25    Int: 19    God:    Nemelex Xobeh [**....]
Gold:   675        SH:  0    Dex: 19    Spells: 8/26 levels left

rFire   + . .      SeeInvis +      - Unarmed
rCold   . . .      Faith    .    (shield currently unavailable)
rNeg    . . .      Spirit   +    (helmet currently unavailable)
rPois   x          Reflect  .    f - amulet of guardian spirit
rElec   .          Harm     .    j - +4 ring of protection
rCorr   .          Rampage  .    g - ring of protection from fire
Will    .....                    z - ring of see invisible
Stlth   +++                      (no ring)
HPRegen 0.33/turn                (no ring)
MPRegen 0.18/turn                (no ring)
                                 (no ring)
                                 (no ring)

@: lethally poisoned (-1 -> -27), about to teleport, spider-form (expiring),
hasted, very quick
A: venomous fangs, almost no armour, (amphibious), 8 rings, tiny, (camouflage
1), (gelatinous body 1), (nimble swimmer 1), (tentacles)
a: End Transformation, Renounce Religion, Draw Escape, Draw Destruction, Draw
Summoning


You were on level 1 of the Lair of Beasts.
You worshipped Nemelex Xobeh.
Nemelex Xobeh was pleased with you.
You were a venomous arachnid creature.
You visited 3 branches of the dungeon, and saw 12 of its levels.
You also visited: Bailey.

You collected 675 gold pieces.

Inventory:

Jewellery
 f - an amulet of guardian spirit (around neck)
 g - a ring of protection from fire (right front pincers)
 j - a +4 ring of protection (left front pincers)
 y - a ring of ice
 z - a ring of see invisible (on tentacle)
Wands
 p - a wand of charming (12)
 D - a wand of polymorph (8)
 G - a wand of flame (10)
Scrolls
 c - 4 scrolls of teleportation
 e - 3 scrolls of noise {unknown}
 h - a scroll of silence {unknown}
 l - a scroll of immolation
 m - a scroll of enchant armour
 o - 2 scrolls of enchant weapon {unknown}
 q - 3 scrolls of amnesia
 r - a scroll of torment {unknown}
 t - 5 scrolls of vulnerability
 v - 2 scrolls of butterflies {unknown}
 w - a scroll of acquirement {unknown}
 E - 2 scrolls of fog {unknown}
 F - a scroll of identify
Potions
 a - 2 potions of lignification
 b - a potion of ambrosia {unknown}
 d - 2 potions of might
 i - 2 potions of magic
 k - a potion of resistance
 n - 2 potions of haste
 s - 3 potions of attraction
 u - 4 potions of degeneration
 x - a potion of cancellation {unknown}
 A - 6 potions of flight
 B - 2 potions of heal wounds {unknown}
 C - 3 potions of brilliance


   Skills:
 * Level 6.1 Fighting
 * Level 7.5 Dodging
 - Level 4.0 Stealth
 * Level 11.1 Unarmed Combat
 * Level 7.7 Spellcasting
 * Level 6.8 Transmutations
 + Level 8.1 Poison Magic
 * Level 4.0 Invocations


You had 8 spell levels left.
You knew the following spells:

 Your Spells              Type           Power      Damage    Failure   Level
a - Beastly Appendage     Tmut           66%        N/A       3%          1
b - Wereblood             Tmut           33%        N/A       4%          2
c - Spider Form           Tmut/Pois      35%        N/A       6%          3
d - Sting                 Tmut/Pois      100%       1d8       3%          1
e - Poisonous Vapours     Pois/Air       44%        N/A       10%         2
f - Olgreb's Toxic Radia  Pois           38%        N/A       11%         4
g - Blade Hands           Tmut           16%        N/A       34%         5

Your spell library contained the following spells:

 Spells                   Type           Power      Damage    Failure   Level
 Cigotuvi's Dreadful Rot  Necr/Pois/Air  34%        N/A       14%         2
 Foxfire                  Conj/Fire      28%        2x1d5     24%         1
 Summon Small Mammal      Summ           28%        N/A       24%         1
 Ensorcelled Hibernation  Hex/Ice        14%        N/A       32%         2
 Ice Form                 Ice/Tmut       20%        N/A       43%         4
 Call Canine Familiar     Summ           7%         N/A       50%         3
 Gell's Gravitas          Tloc           7%         N/A       50%         3
 Portal Projectile        Hex/Tloc       14%        N/A       50%         3
 Summon Guardian Golem    Hex/Summ       7%         N/A       50%         3
 Teleport Other           Tloc           7%         N/A       50%         3
 Tukima's Dance           Hex            7%         N/A       50%         3
 Anguish                  Hex/Necr       3%         N/A       85%         4
 Dispel Undead            Necr           7%         3d8       85%         4
 Fireball                 Conj/Fire      3%         3d4       99%         5
 Death Channel            Necr           3%         N/A       100%        6
 Dispersal                Tloc           3%         N/A       100%        6
 Starburst                Conj/Fire      3%         6d3       100%        6


Dungeon Overview and Level Annotations

Branches:
Dungeon (10/15)            Temple (1/1) D:7            Lair (1/5) D:8
    Orc (0/2) D:10         Bailey (visited)

Altars:
Ashenzari
Cheibriados
Dithmenos
Elyvilon
Fedhas
Gozag
Hepliaklqana
Kikubaaqudgha
Makhleb
Nemelex Xobeh
Okawaru
Qazlal
Ru
Sif Muna
Trog
Uskayaw
Vehumet
Wu Jian
Xom
Yredelemnul
Zin
The Shining One

Shops:
D:10 :

Annotations:
D:6 2 transporters, M4edhros's ghost, novice OpAr


Innate Abilities, Weirdness & Mutations

You are a venomous arachnid creature.
You have venomous fangs.
You are tiny and dextrous.
Your spellcasting is less reliable in this form.
Your armour is entirely melded.
You are incapable of wielding weapons or throwing items.
You cannot wear most types of armour.
((You are amphibious.))
You can wear up to eight rings at the same time.
((Your skin changes colour to match your surroundings (Stealth+).))
((Your rubbery body absorbs attacks. (AC +1, EV +1)))
((You are camouflaged when in or above water. (Stealth+)))
((You have tentacles for arms and can constrict up to eight enemies at once.))


Message History

The cane toad completely misses you. The blink frog misses you.
Your Invocations skill increases to level 4!
You hit the cane toad.
The cane toad is heavily wounded.
The cane toad completely misses you. The blink frog hits you.
You barely miss the cane toad.
The cane toad is heavily wounded.
The blink frog blinks!
The cane toad stings you! The blink frog misses you.
You hit the blink frog.
The blink frog is poisoned.
The blink frog is heavily wounded.
The blink frog blinks!
The black mamba misses you. The blink frog hits you!
* * * LOW HITPOINT WARNING * * *
The cane toad closely misses you.
Okay, then.
Okay, then.
You feel yourself speed up.
The blink frog looks more healthy.
The black mamba barely misses you. The blink frog barely misses you.
The blink frog closely misses you. The cane toad completely misses you.
The black mamba bites you.
* * * LOW HITPOINT WARNING * * *
You are lethally poisoned!
The black mamba poisons you! The blink frog closely misses you.
Your transformation is almost over.
* * * LOW HITPOINT WARNING * * *
You feel extremely sick.
* * * LOW HITPOINT WARNING * * *
You feel very sick. The blink frog misses you.
The blink frog blinks!
Okay, then.
Okay, then.
Okay, then.
Okay, then.
As you read the scroll of teleportation, it crumbles to dust.
You feel strangely unstable.
* * * LOW HITPOINT WARNING * * *
You feel very sick. The black mamba closely misses you.
The blink frog closely misses you.
You die...
Your body glows slightly and disappears.

.( ##.#....#.#.....#+#
#. #..#.....##........
#.### #........#........
#...#####..............#
#.................†....#
#††.#.#......F...F.....#
+...#.........†..FSF...#
#...#..............##..#
#...#...........s.##
.....
....#............## ....
....###.#.......## ....
...............#. ...
............... ..#
................ .....
................ ....
.......###...##.. ...
.###...# ..#####.##


You could see a black mamba, a cane toad (very poisoned) and 3 blink frogs.

Vanquished Creatures
  2 two-headed ogres (D:8)
  A centaur zombie (D:10)
  Maurice (D:8)
  An unseen horror zombie (D:10)
  A kobold demonologist (D:9)
  2 komodo dragons
  Maggie (D:6)
  2 trolls (D:9)
  Grinder (D:6)
  A hornet (D:10)
  2 blink frogs (Lair:1)
  2 shadows
  A vampire (D:10)
  Eustachio (D:5)
  Sigmund (D:3)
  A basilisk (D:8)
  17 yaks
  2 steam dragons
  A wraith (D:8)
  2 wyverns
  A warg (D:10)
  2 acid dragons (D:9)
  2 water moccasins (D:8)
  8 orc warriors
  A sky beast (D:7)
  3 ice beasts
  6 black bears
  An ogre (D:5)
  6 wolves (Lair:1)
  5 boggarts (D:10)
  2 centaurs
  A phantom (D:5)
  3 kobold brigands
  2 necrophages
  4 bullfrogs
  5 scorpions
  10 wights
  5 killer bees
  A crimson imp (D:10)
  6 hounds
  4 jellies
  6 orc priests
  Crazy Yiuf (D:3)
  3 iguanas
  Natasha (thrice) (D:2)
  7 orc wizards
  13 gnolls
  8 adders
  A shadow imp (D:6)
  A white imp (D:7)
  3 worms
  3 dart slugs
  35 orcs
  8 endoplasms
  2 giant cockroaches
  21 goblins
  15 hobgoblins
  11 jackals
  7 quokkas
  10 ball pythons
  A bat (D:2)
  A frilled lizard (D:3)
  23 kobolds
  8 rats
312 creatures vanquished.

Vanquished Creatures (others)
  2 fungi (Lair:1)
2 creatures vanquished.

Grand Total: 314 creatures vanquished

Notes
Turn   | Place    | Note
-------+----------+-------------------------------------------
     0 | D:1      | CrazyBamboolord the Octopode Transmuter began the quest for
                  | the Orb.
     0 | D:1      | Reached XP level 1. HP: 13/13 MP: 3/3
   216 | D:1      | Reached XP level 2. HP: 18/18 MP: 3/5
   581 | D:2      | Noticed Natasha
   582 | D:2      | Noticed a crimson imp
   587 | D:2      | Killed Natasha
   588 | D:2      | Reached skill level 1 in Stealth
   588 | D:2      | Reached XP level 3. HP: 17/23 MP: 4/6
   637 | D:2      | Reached XP level 4. HP: 26/28 MP: 4/7
   643 | D:2      | Learned a level 2 spell: Wereblood
   647 | D:2      | Learned a level 3 spell: Spider Form
   751 | D:2      | Noticed Natasha
   761 | D:2      | Killed Natasha
   876 | D:2      | Reached skill level 1 in Poison Magic
  1293 | D:2      | Noticed Natasha
  1302 | D:2      | Killed Natasha
  1303 | D:2      | Reached XP level 5. HP: 21/34 MP: 5/8
  1604 | D:3      | Reached skill level 4 in Unarmed Combat
  1604 | D:3      | Reached XP level 6. HP: 21/39 MP: 4/10
  2360 | D:3      | Noticed Sigmund
  2373 | D:3      | Killed Sigmund
  2374 | D:3      | Reached XP level 7. HP: 45/45 MP: 8/12
  2503 | D:3      | Found a runed translucent door.
  2504 | D:3      | Noticed Crazy Yiuf
  2512 | D:3      | Killed Crazy Yiuf
  2966 | D:4      | Found an opulent altar of Gozag.
  3178 | D:4      | Reached skill level 5 in Unarmed Combat
  3583 | D:4      | Learned a level 1 spell: Sting
  3586 | D:4      | Learned a level 2 spell: Poisonous Vapours
  3617 | D:5      | Entered Level 5 of the Dungeon
  3617 | D:5      | Found a snail-covered altar of Cheibriados.
  3632 | D:5      | Reached XP level 8. HP: 50/51 MP: 11/13
  4055 | D:5      | Noticed Eustachio
  4160 | D:5      | Killed Eustachio
  4471 | D:5      | Reached skill level 6 in Unarmed Combat
  4614 | D:5      | Reached XP level 9. HP: 16/57 MP: 4/16
  4857 | D:6      | Learned a level 4 spell: Olgreb's Toxic Radiance
  5043 | D:6      | Noticed Grinder
  5066 | D:6      | Paralysed by Grinder for 5 turns
  5068 | D:6      | Killed Grinder
  5069 | D:6      | Reached skill level 5 in Spellcasting
  5221 | D:6      | Reached skill level 7 in Unarmed Combat
  5457 | D:6      | Reached skill level 5 in Transmutations
  5460 | D:6      | Reached skill level 5 in Dodging
  5464 | D:6      | Reached skill level 5 in Poison Magic
  5835 | D:6      | Found a bloodstained altar of Trog.
  6014 | D:6      | Noticed Maggie
  6339 | D:6      | Found a transporter.
  6351 | D:6      | Found a transporter.
  6354 | D:6      | Noticed M4edhros's ghost (novice OpAr)
  6795 | D:6      | Reached XP level 10. HP: 50/65 MP: 12/18
  6807 | D:6      | Killed Maggie
  6808 | D:6      | Reached skill level 8 in Unarmed Combat
  7720 | D:7      | Found a broken altar of Ashenzari.
  7798 | D:7      | Found a shimmering altar of Xom.
  7926 | D:7      | Found a staircase to the Ecumenical Temple.
  7937 | Temple   | Entered the Ecumenical Temple
  8016 | Temple   | Became a worshipper of Nemelex Xobeh the Trickster
  8370 | D:7      | Learned a level 5 spell: Blade Hands
  8404 | D:8      | Found a staircase to the Lair.
  8568 | D:8      | Reached skill level 1 in Invocations
  8569 | D:8      | Noticed a two-headed ogre
  8736 | D:8      | Killed a two-headed ogre
  8737 | D:8      | Reached skill level 9 in Unarmed Combat
  8747 | D:8      | Reached skill level 5 in Fighting
  8761 | D:8      | Found a flagged portal.
  8766 | Bailey   | Entered a bailey
  9103 | Bailey   | Reached XP level 11. HP: 71/71 MP: 14/20
  9609 | D:8      | Noticed Maurice
  9624 | D:8      | Killed Maurice
  9758 | D:8      | Reached * piety under Nemelex Xobeh
  9821 | D:8      | Noticed a two-headed ogre
  9873 | D:8      | Killed a two-headed ogre
 10890 | D:9      | Found a sacrificial altar of Ru.
 10929 | D:9      | Received a gift from Nemelex Xobeh
 11216 | D:9      | Reached skill level 10 in Unarmed Combat
 11867 | D:10     | Entered Level 10 of the Dungeon
 12033 | D:10     | Found a staircase to the Orcish Mines.
 12325 | D:10     | Found a radiant altar of Vehumet.
 12327 | D:10     | Found a burning altar of Makhleb.
 12843 | D:10     | Reached ** piety under Nemelex Xobeh
 13072 | D:10     | Found a basalt altar of Yredelemnul.
 13267 | D:10     | Found Yxazeo's Vocational Training.
 13384 | D:10     | Reached XP level 12. HP: 69/78 MP: 16/23
 13635 | Lair:1   | Entered Level 1 of the Lair of Beasts
 13829 | Lair:1   | Reached skill level 11 in Unarmed Combat
 13937 | Lair:1   | HP: 3/79 [poisoned by a black mamba]
 13938 | Lair:1   | Succumbed to a black mamba's poison

Illustrated notes

Levels and vault maps discovered:
D:1:      lemuel_arrival_muddy, layout_basic
D:2:      layout_basic, uniq_natasha
D:3:      minmay_thinvault, layout_basic, grunt_ministairs_15, uniq_sigmund,
          uniq_crazy_yiuf_cottage
D:4:      layout_gridville, mainiacjoe_overflow_brackets
D:5:      minmay_razor_zed, layout_cave_pools, amcnicky_altar_gilded,
          minmay_strange_pillars, hangedman_abyss_or_decor_slice, uniq_eustachio
D:6:      layout_loops_corners, trog_hazing_becter, gammafunk_ghost_stat_death,
          minmay_crystal_water, uniq_grinder, uniq_maggie
D:7:      layout_loops_corners, lemuel_tele_altar, tgw_xom,
          minmay_temple_entry_proselytizer
D:8:      layout_basic, david_lair_generic, enter_bailey_3, due_unseen_surprise,
          uniq_maurice
D:9:      layout_layer_cave, nicolae_ru_awakened_eye
D:10:     layout_basic, lemuel_zombie_altar_yredelemnul,
          grunt_temple_overflow_lords_of_destruction, erik_orc_4,
          nicolae_shop_vocational
Temple:   oiseaux_autumnal_temple
Lair:1:   layout_chaotic_city, minmay_holes

Skill      XL: |  1  2  3  4  5  6  7  8  9 10 11 12 |
---------------+-------------------------------------+-----
Stealth        | 1 2 3 4 |  4.0
Poison Magic   | 1 2 3 4 6 7 8 |  8.1
Fighting       | 2 3 4 5 6 |  6.1
Unarmed Combat | 4 5 6 7 9 10 11 | 11.1
Transmutations | 3 4 5 6 |  6.8
Spellcasting   | 3 4 5 6 7 |  7.7
Dodging        | 3 4 5 6 7 |  7.5
Invocations    | 2 3 4 |  4.0

Action                     |  1- 3 |  4- 6 |  7- 9 | 10-12 || total
---------------------------+-------+-------+-------+-------++-------
  Melee: Unarmed           |    45 |   118 |   326 |   431 ||   920
         Constrict         |    16 |    32 |    41 |    24 ||   113
         Kick              |    10 |    35 |    74 |     9 ||   128
         Tentacles         |    12 |    25 |    42 |    33 ||   112
         Punch             |     1 |     3 |    15 |    15 ||    34
   Cast: Beastly Appendage |    14 |    28 |    33 |     3 ||    78
         Spider Form       |       |     1 |    17 |    27 ||    45
         Wereblood         |       |     1 |     2 |     6 ||     9
         Sting             |       |       |    11 |     8 ||    19
         Poisonous Vapours |       |       |    10 |    19 ||    29
         Olgreb's Toxic Ra |       |       |     1 |    20 ||    21
         Blade Hands       |       |       |       |     5 ||     5
  Evoke: Wand              |       |       |       |     3 ||     3
    Use: Scroll            |       |     5 |     5 |    11 ||    21
         Potion            |       |       |     8 |     5 ||    13
   Stab: Sleeping          |     6 |     6 |     7 |       ||    19
         Distracted        |       |       |       |     1 ||     1
 Armour: Skin              |     3 |    26 |    59 |    61 ||   149
  Dodge: Dodged            |    14 |    74 |   312 |   472 ||   872

Table legend: (Time is in decaauts)
 A = Elapsed time spent in this place.
 B = Non-inter-level travel time spent in this place.
 C = Inter-level travel time spent in this place.
 D = Time resting spent in this place.
 E = Time spent auto-exploring this place.
 F = Levels seen in this place.
 G = Mean time per level.
                   A        B        C        D        E       F      G
               +--------+--------+--------+--------+--------+-----+--------+
         Total |  13804 |  13353 |    451 |   1441 |   9281 |  13 | 1061.8 |
       Dungeon |  12682 |  12284 |    398 |   1250 |   8808 |  10 | 1268.2 |
        Temple |    235 |    182 |     53 |      0 |    112 |   1 |  235.0 |
          Lair |    292 |    292 |      0 |      0 |    223 |   1 |  292.0 |
        Bailey |    593 |    593 |      0 |    191 |    138 |   1 |  593.0 |
               +--------+--------+--------+--------+--------+-----+--------+

Top non-repeatable levels by time:
     D:6: 2207 daAuts
     D:9: 1606 daAuts
    D:10: 1485 daAuts
     D:8: 1472 daAuts
     D:5: 1149 daAuts
     D:3: 1132 daAuts
     D:4: 1121 daAuts
     D:7: 1074 daAuts
     D:2: 964 daAuts
  Bailey: 593 daAuts
     D:1: 468 daAuts
  Lair:1: 292 daAuts
  Temple: 235 daAuts
